 Dungeon Crawl Stone Soup version 0.30.0-20-g3615ddf2f0 (webtiles) character file.

Game seed: 6706778034090769413

192 qw the Chopper (level 5, -7/32 HPs)
             Began as a Gargoyle Fighter on June 1, 2023.
             Was an Initiate of Okawaru.
             Mangled by a gnoll
             ... wielding a +0 halberd
              (9 damage)
             ... on level 3 of the Dungeon.
             The game lasted 00:00:42 (2381 turns).

qw the Chopper (Gargoyle Fighter)                   Turns: 2381, Time: 00:00:43

Health: -7/32      AC: 14    Str: 21    XL:     5   Next: 71%
Magic:  5/5        EV:  7    Int:  9    God:    Okawaru [......]
Gold:   206        SH:  4    Dex:  9    Spells: 4/4 levels left

rFire   . . .        Y - +1 war axe (chaos)
rCold   . . .        c - +0 buckler
rNeg    + . .        o - +0 chain mail
rPois   inf          (no helmet)
rElec   +            (no cloak)
rCorr   .            h - +0 pair of gloves
SInv    .            (no boots)
Will    .....        (no amulet) Stlth
                     (no ring)
HPRegen 0.25/turn    (no ring)
MPRegen 0.09/turn

%: no passive effects
@: no status effects
A: sickness immunity, AC +4, negative energy resistance 1, electricity
resistance, torment resistance 1, petrification resistance
a: Renounce Religion


You were on level 3 of the Dungeon.
You worshipped Okawaru.
Okawaru was noncommittal.
You visited 1 branch of the dungeon, and saw 4 of its levels.

You collected 206 gold pieces.


Innate Abilities, Weirdness & Mutations

You are immune to sickness and miasma.
Your stone body is resilient. (AC +4)
You are immune to poison.
You resist negative energy. (rN+)
You are resistant to electric shocks. (rElec)
You are resistant to unholy torment.
You are immune to petrification.


   Skills:
 - Level 3.2 Fighting
 + Level 4.8 Axes
 - Level 1.6 Throwing
 - Level 3.2 Armour
 - Level 3.2 Shields


You had 4 spell levels left.
You didn't know any spells.
Your spell library was empty.

Inventory:

Hand Weapons
 a - a +0 whip
 Y - a +1 war axe of chaos (weapon)
Missiles
 b - 2 javelins (quivered)
 i - 5 boomerangs
Armour
 c - a +0 buckler (worn)
 h - a +0 pair of gloves (worn)
 o - a +0 chain mail (worn)
Scrolls
 j - a scroll of acquirement {unknown}
 m - 2 scrolls of identify
Potions
 d - a potion of might
 e - a potion of cancellation
 f - 2 potions of curing
 g - a potion of mutation {unknown}
 q - a potion of attraction {unknown}

Dungeon Overview and Level Annotations

Branches:
Dungeon (4/15)
 Temple: D:4-7

Altars:
Ashenzari
Cheibriados
Dithmenos
Makhleb
Okawaru
Yredelemnul

Annotations:
D:3 1 transporter


Message History

The gnoll hits you but does no damage. You block the gnoll's attack.
Things that are here:
a +0 club; a +0 whip; a gnoll corpse You hit the gnoll.
The gnoll is heavily wounded.
The gnoll hits you from afar with a +0 halberd.
The gnoll hits you but does no damage. The gnoll hits you with a +0 spear.
You block the gnoll's attack.
You closely miss the gnoll.
The gnoll is moderately wounded.
The gnoll barely misses you. You block the gnoll's attack.
You barely miss the gnoll.
The gnoll is moderately wounded.
The gnoll hits you but does no damage. The gnoll misses you.
You closely miss the gnoll.
The gnoll is moderately wounded.
The gnoll closely misses you. The gnoll barely misses you.
The gnoll hits you but does no damage.
The gnoll hits you from afar with a +0 halberd!
You slash the gnoll!
You feel better.
You kill the gnoll!
Okawaru accepts your kill. The gnoll hits you but does no damage.
The gnoll hits you with a +0 halberd.
Things that are here:
a +0 spear; a gnoll corpse
Enter note:
Enter note:
Enter note:
Enter note: You hit the gnoll but do no damage.
You block the gnoll's attack.
You barely miss the gnoll. The gnoll hits you but does no damage.
The gnoll hits you with a +0 halberd.
You barely miss the gnoll. The gnoll hits you with a +0 halberd.
You hit the gnoll.
The gnoll seems to speed up.
The gnoll is moderately wounded.
The gnoll hits you with a +0 halberd!
You die...

###....#
##
##...##.##
##.#
#..####..#
#.. #.##
##.###.#
###.#
#..##.#
#...#
##....#
#.###
###..#
####)# .
##.#
#.g@.# ..
#.#
#..####
... ##.##
....
....#....
.[##
.......###
#
.......).%
.....###..
~~~....%)#
~~~.......
~~~..#####


You could see a gnoll (fast).

Vanquished Creatures
  A scorpion (D:4)
  Ijyb (D:3)
  An orc wizard (D:3)
  3 gnolls (D:3)
  A worm (D:3)
  2 dart slugs
  4 orcs (D:3)
  5 ball pythons
  6 endoplasms
  A giant cockroach (D:1)
  3 goblins
  5 hobgoblins
  A quokka (D:3)
  4 bats
  2 frilled lizards (D:1)
  A hobgoblin zombie (D:3)
  4 kobolds (D:3)
  3 rats
48 creatures vanquished.

Notes
Turn   | Place    | Note
-------+----------+-------------------------------------------
     0 | D:1      | qw the Gargoyle Fighter began the quest for the Orb.
     0 | D:1      | Reached XP level 1. HP: 14/14 MP: 1/1
     0 | D:1      | 0 ||| qw: Version: 0.2-a-102-gdf20003
     0 | D:1      | 0 ||| qw: Game counter: 764
     0 | D:1      | 0 ||| qw: Always use a shield: true
     0 | D:1      | 0 ||| qw: God list: Okawaru
     0 | D:1      | 0 ||| qw: Allow faded altars: false
     0 | D:1      | 0 ||| qw: Do Orc after D:15 true
     0 | D:1      | 0 ||| qw: Do second Lair branch before Depths: true
     0 | D:1      | 0 ||| qw: Lair rune preference: random
     0 | D:1      | 0 ||| qw: Plans: Normal, Zot:1-4, Slime:5, God:TSO, Crypt,
                  | Tomb, Pan, Hells, Abyss, Win
     0 | D:1      | 0 ||| PLANNING D:1-11
    63 | D:1      | 63 ||| Stepping ~*~*~tactically~*~*~ (hiding).
    70 | D:1      | Reached skill level 2 in Axes
   313 | D:1      | Reached XP level 2. HP: 19/19 MP: 2/2
   910 | D:1      | 910 ||| UPGRADING to +0 chain mail.
   920 | D:1      | 920 ||| DROPPING +0 scale mail.
   921 | D:1      | 921 ||| READING scroll labelled VAGING MIXURAPH.
   922 | D:1      | 922 ||| READING scroll labelled ENICIXUTZOWN.
   923 | D:1      | 923 ||| READING scroll labelled IWKUCROOW.
   924 | D:1      | 924 ||| READING 2 scrolls labelled GAR LAPLEADIODWE.
   925 | D:1      | 925 ||| READING scroll labelled UWEUTW EGUASK.
   926 | D:1      | 926 ||| READING scroll labelled EDGHAD QAIXT.
   927 | D:1      | 927 ||| READING scroll labelled YRCHON ZEB OKK.
  1071 | D:2      | You fall into a shaft and drop 2 floors!
  1076 | D:4      | 1076 ||| Stepping ~*~*~tactically~*~*~ (stealth).
  1077 | D:4      | 1077 ||| Stepping ~*~*~tactically~*~*~ (stealth).
  1115 | D:4      | Noticed a scorpion
  1122 | D:4      | Killed a scorpion
  1123 | D:4      | Reached skill level 4 in Axes
  1123 | D:4      | Reached XP level 3. HP: 20/23 MP: 3/3
  1123 | D:4      | Reached XP level 4. HP: 24/28 MP: 4/4
  1164 | D:3      | Noticed Ijyb
  1172 | D:3      | HP: 4/28 [Ijyb/bolt of dispelling energy (11)]
  1173 | D:3      | HP: 1/28 [Ijyb/+0 club (3)]
  1174 | D:3      | Killed Ijyb
  1175 | D:3      | Reached skill level 1 in Throwing
  1177 | D:3      | Reached XP level 5. HP: 3/32 MP: 5/5
  1355 | D:3      | Found a faded altar of an unknown god.
  1384 | D:3      | Found a transporter.
  1444 | D:3      | 1444 ||| DRINKING 2 glowing black potions.
  1445 | D:3      | 1445 ||| READING 2 scrolls of identify.
  1445 | D:3      | 1445 ||| IDENTIFYING silvery potion
  1446 | D:3      | 1446 ||| DROPPING potion of degeneration.
  1488 | D:2      | 1488 ||| DROPPING +0 club.
  1999 | D:2      | 1999 ||| UPGRADING to +0 pair of gloves.
  2004 | D:2      | 2004 ||| READING 3 scrolls of identify.
  2004 | D:2      | 2004 ||| IDENTIFYING brown potion
  2005 | D:2      | 2005 ||| READING 2 scrolls of identify.
  2005 | D:2      | 2005 ||| IDENTIFYING sedimented silvery potion
  2006 | D:2      | 2006 ||| DROPPING potion of brilliance.
  2040 | D:3      | Found a snail-covered altar of Cheibriados.
  2049 | D:3      | Found a broken altar of Ashenzari.
  2056 | D:3      | Found a shadowy altar of Dithmenos.
  2056 | D:3      | Found an iron altar of Okawaru.
  2056 | D:3      | Found a burning altar of Makhleb.
  2056 | D:3      | Found a basalt altar of Yredelemnul.
  2057 | D:3      | 2057 ||| PLANNING OKAWARU WORSHIP
  2066 | D:3      | 2066 ||| DRINKING 2 yellow potions.
  2067 | D:3      | 2067 ||| DROPPING potion of flight.
  2074 | D:3      | Became a worshipper of Warmaster Okawaru
  2074 | D:3      | 2074 ||| PLANNING D:1-11
  2114 | D:3      | 2114 ||| Stepping ~*~*~tactically~*~*~ (hiding).
  2115 | D:3      | 2115 ||| Stepping ~*~*~tactically~*~*~ (hiding).
  2363 | D:3      | 2363 ||| Stepping ~*~*~tactically~*~*~ (hiding).
  2377 | D:3      | HP: 6/32 [gnoll/+0 halberd (5)]
  2380 | D:3      | HP: 1/32 [gnoll/+0 halberd (4)]
  2381 | D:3      | Mangled by a gnoll

Levels and vault maps discovered:
D:1:      dpeg_chamrin_arrival_tetris, layout_basic,
          minmay_misc_feat_nine_boxes, minmay_door_square
D:2:      layout_basic, minmay_pentomino_q2
D:3:      layout_rooms, kiku_gazebo_pond_becter, grunt_temple_overflow_open,
          gammafunk_ghost_smash, chequers_ecumenical_altar_twisty, uniq_ijyb
D:4:      layout_basic, nicolae_ea-nasir_strikes_again, uniq_blork_the_orc,
          uniq_eustachio

Skill      XL: |  1  2  3  4 |
---------------+-------------+-----
Axes           | 2 4 |  4.8
Throwing       | 1 |  1.6
Fighting       | |  3.2
Armour         | |  3.2
Shields        | |  3.2

Action                     |  1- 3 |  4- 6 || total
---------------------------+-------+-------++-------
  Melee: War axe           |    25 |    51 ||    76
  Throw: Javelin           |    17 |     5 ||    22
         Boomerang         |       |     6 ||     6
    Use: Scroll            |     7 |     3 ||    10
         Potion            |       |     2 ||     2
 Armour: Scale mail        |     4 |       ||     4
         Chain mail        |     2 |    45 ||    47
  Dodge: Dodged            |     5 |    19 ||    24
  Block: Buckler           |     4 |    16 ||    20

Table legend:
 A = Non-vault XP
 B = Vault XP
 C = Vault XP percentage of total XP
 D = Non-vault monster count
 E = Vault monster count
 F = Vault count percentage of total count
                 A         B        C        D         E       F
            +---------+---------+-------+---------+---------+-------
      Total |     235 |      40 |  14.5 |      45 |       2 |   4.3
            +---------+---------+-------+---------+---------+-------
        D:1 |      24 |       0 |   0.0 |      13 |       0 |   0.0
        D:2 |       8 |       4 |  33.3 |       5 |       1 |  16.7
        D:3 |     122 |      36 |  22.8 |      25 |       1 |   3.8
        D:4 |      81 |       0 |   0.0 |       2 |       0 |   0.0
            +---------+---------+-------+---------+---------+-------
